 Dungeon Crawl Stone Soup version 0.30-a0-358-g0d69a1922f (webtiles) character file.

Game seed: 1242093133637279136

1390 Essalna the Firebug (level 8, -3/49 HPs)
             Began as a Tengu Fire Elementalist on Nov 9, 2022.
             Engulfed by a steam dragon's steam (5 damage)
             ... on level 7 of the Dungeon.
             The game lasted 00:13:15 (7465 turns).

Essalna the Firebug (Tengu Fire Elementalist)       Turns: 7465, Time: 00:13:16

Health: -3/49      AC:  4    Str:  9    XL:     8   Next: 68%
Magic:  0/12       EV: 17    Int: 18    God:
Gold:   466        SH:  7    Dex: 20    Spells: 8/11 levels left

rFire   . . .      SeeInvis .    v - +1 falchion (holy)
rCold   . . .      Faith    .    h - +1 buckler
rNeg    . . .      Spirit   .    a - +0 robe
rPois   .          Reflect  .    (helmet restricted)
rElec   .          Harm     .    z - +0 cloak
rCorr   .          Rampage  .    w - +0 pair of gloves
Will    .....                    (boots unavailable)
Stlth   ++........               i - amulet of regeneration
HPRegen 1.08/turn                e - +6 ring of dexterity
MPRegen 0.13/turn                (no ring)

@: lethally poisoned (-3 -> -4), about to teleport, attractive, flying quickly
and evasively, quick
A: beak, talons 3, nimble flight
a: no special abilities


You were on level 7 of the Dungeon.
You visited 1 branch of the dungeon, and saw 7 of its levels.
You also visited: Sewer.

You collected 466 gold pieces.

Inventory:

Hand Weapons
 v - a +1 falchion of holy wrath (weapon)
 C - the +12 glaive of Prune {vorpal}
   (You found it on level 5 of the Dungeon)

   It inflicts extra damage upon your enemies.
   It halves damage taken while paralysed, petrified or unconscious.
Missiles
 b - a throwing net
 q - 3 silver javelins
Armour
 a - a +0 robe (worn)
 h - a +1 buckler (worn)
 s - a +0 helmet
 w - a +0 pair of gloves (worn)
 z - a +0 cloak (worn)
Jewellery
 e - a +6 ring of dexterity (left hand)
 i - an amulet of regeneration (around neck)
 D - an amulet of faith
 E - an amulet of guardian spirit
Wands
 g - a wand of paralysis (20)
 u - a wand of quicksilver (5)
Scrolls
 c - 6 scrolls of identify
 d - a scroll of blinking
 m - a scroll of noise
 n - a scroll of teleportation
 o - 3 scrolls of immolation
 p - a scroll of acquirement {unknown}
 x - 2 scrolls of enchant weapon {unknown}
 y - 2 scrolls of amnesia {unknown}
 A - a scroll of butterflies
Potions
 f - 2 potions of haste {unknown}
 j - a potion of heal wounds {unknown}
 k - a potion of resistance {unknown}
 l - 2 potions of mutation {unknown}
 r - a potion of lignification {unknown}
 t - 2 potions of attraction
 B - a potion of brilliance {unknown}
 F - a potion of curing {unknown}


   Skills:
 + Level 5.3 Fighting
 + Level 4.0 Armour
 + Level 4.8 Dodging
 - Level 2.0 Stealth
 + Level 3.6 Shields
 - Level 2.0 Spellcasting
 - Level 1.3 Conjurations
 + Level 6.8 Fire Magic


You had 8 spell levels left.
You knew the following spells:

 Your Spells              Type           Power      Damage    Failure   Level
a - Foxfire               Conj/Fire      64%        2x1d7     4%          1
b - Scorch                Fire           52%        2d8       2%          2

Your spell library contained the following spells:

 Spells                   Type           Power      Damage    Failure   Level
 Inner Flame              Hex/Fire       14%        N/A       17%         3
 Slow                     Hex            4%         N/A       24%         1
 Kindle Blastsparks       Fire/Tloc/Air  20%        2d11      28%         3
 Ensorcelled Hibernation  Hex/Ice        2%         N/A       34%         2
 Passwall                 Tmut/Erth      0%         N/A       34%         2
 Flame Wave               Conj/Fire      16%        2d7       41%         4
 Confusing Touch          Hex            1%         N/A       56%         3
 Swiftness                Air            1%         N/A       56%         3
 Vampiric Draining        Necr           1%         2d6       56%         3


Dungeon Overview and Level Annotations

Branches:
Dungeon (7/15)              Sewer (visited)
 Temple: D:4-7

Altars:
Elyvilon
Gozag
Qazlal
Zin
The Shining One


Innate Abilities, Weirdness & Mutations

You have a beak for a mouth.
You have claws for feet.
Your magical nature lets you fly swiftly and evasively.


Message History

The phantom's fire resistance burns away.
You feel sick. You block the killer bee's attack.
The killer bee closely misses you.
Casting: Scorch (safe; 2% risk of failure)
Confirm with . or Enter, or press ? or * to list all spells.
You don't have enough magic to cast this spell.
As you read the scroll of teleportation, it crumbles to dust.
You feel strangely unstable.
You feel sick. The killer bee completely misses you.
The steam dragon breathes steam at you. The ball of steam misses you.
The killer bee closely misses you.
Okay, then.
Okay, then.
Casting: Scorch (safe; 2% risk of failure)
Confirm with . or Enter, or press ? or * to list all spells.
You conjure some foxfire!
You are engulfed in a cloud of scalding steam.
You feel sick. The killer bee misses you. You block the phantom's attack.
The killer bee barely misses you.
You miss the killer bee. Your kick misses the killer bee.
Your peck misses the killer bee.
The killer bee is heavily wounded.
You are engulfed in a cloud of scalding steam.
* * * LOW HITPOINT WARNING * * *
You feel sick.
The killer bee is no longer more vulnerable to fire.
The foxfire hits the killer bee.
The killer bee is heavily wounded.
The foxfire hits the phantom.
The phantom is burned terribly!
The phantom is heavily damaged.
The killer bee barely misses you. The killer bee closely misses you.
The phantom misses you.
The killer bee is engulfed in a cloud of scalding steam.
The killer bee barely misses you. The steam dragon bites you.
* * * LOW HITPOINT WARNING * * *
You block the steam dragon's attack. The phantom completely misses you.
It was a potion of attraction.
You feel attractive to monsters.
You are engulfed in a cloud of scalding steam.
You die...

.. ...#.y.......
....#.#.........
...W............ #
#......D.. ..
#.#.#+##+###
....#.#.#.##.# #.#
..........ยง#.#
#.#
....#.#.#Dy..####
#.# ..
#.#yW@......#.#.#
# ######.##.#.#.#
..........#.######
.###.##.###.......
..................
...........#######
####.#.....######
................#
..
...........#####.#


You could see a steam dragon, a phantom (combustible) and 2 killer bees.

Vanquished Creatures
  Eustachio (D:4)
  Pargi (Sewer)
  An ice beast (D:5)
  A centaur (D:6)
  An ogre (D:5)
  3 scorpions
  2 killer bees (D:7)
  3 howler monkeys
  2 jellies
  3 orc priests
  A gnoll bouda (D:5)
  3 hounds
  An iguana (D:4)
  2 orc wizards
  3 adders (D:5)
  6 gnolls
  A white imp (D:6)
  A worm (D:2)
  4 dart slugs
  6 orcs
  6 bats
  7 endoplasms
  3 giant cockroaches
  5 goblins
  5 hobgoblins
  5 jackals
  8 kobolds
  4 quokkas
  6 ball pythons
  3 frilled lizards
  7 rats
105 creatures vanquished.

Vanquished Creatures (collateral kills)
  10 foxfires (D:1)
10 creatures vanquished.

Vanquished Creatures (others)
  305 foxfires
305 creatures vanquished.

Grand Total: 420 creatures vanquished

Notes
Turn   | Place    | Note
-------+----------+-------------------------------------------
     0 | D:1      | Essalna the Tengu Fire Elementalist began the quest for the
                  | Orb.
     0 | D:1      | Reached XP level 1. HP: 10/10 MP: 4/4
   339 | D:1      | Reached skill level 1 in Fighting
   339 | D:1      | Reached XP level 2. HP: 16/16 MP: 1/6
   600 | D:1      | Found a faded altar of an unknown god.
  1188 | D:1      | Reached skill level 4 in Fire Magic
  1188 | D:1      | Reached XP level 3. HP: 19/21 MP: 7/7
  1473 | D:2      | Found a stormy altar of Qazlal.
  1584 | D:2      | Learned a level 2 spell: Scorch
  2296 | D:3      | Reached XP level 4. HP: 27/27 MP: 8/8
  2407 | D:3      | Found a glowing silver altar of Zin.
  2407 | D:3      | Found a white marble altar of Elyvilon.
  2407 | D:3      | Found a glowing golden altar of the Shining One.
  2478 | D:3      | Found a glowing drain.
  2482 | Sewer    | Entered a sewer
  2593 | Sewer    | Noticed Pargi
  2598 | Sewer    | Killed Pargi
  2599 | Sewer    | Reached skill level 5 in Fire Magic
  2599 | Sewer    | Gained mutation: Your magical nature lets you fly swiftly
                  | and evasively. [Tengu growth]
  2599 | Sewer    | Reached XP level 5. HP: 32/32 MP: 1/9
  3524 | D:3      | Reached XP level 6. HP: 36/37 MP: 1/10
  3641 | D:3      | Reached skill level 1 in Armour
  3985 | D:4      | Found an opulent altar of Gozag.
  4070 | D:4      | Reached skill level 1 in Shields
  4306 | D:4      | Noticed Eustachio
  4344 | D:4      | Killed Eustachio
  4345 | D:4      | Reached XP level 7. HP: 26/43 MP: 4/11
  4979 | D:5      | Entered Level 5 of the Dungeon
  5181 | D:5      | Reached skill level 6 in Fire Magic
  5798 | D:5      | Reached XP level 8. HP: 42/48 MP: 2/12
  5966 | D:5      | Found the +12 glaive of Prune {vorpal}
  6417 | D:6      | Reached skill level 5 in Fighting
  7464 | D:7      | HP: 2/49 [steam dragon (6)]
  7465 | D:7      | Engulfed by a steam dragon's steam

Illustrated notes

Levels and vault maps discovered:
D:1:      roderic_crossed_star, layout_loops_ring,
          shapermc_ecumenical_altar_mp_urbaneastern, minivault_23,
          kennysheep_crisscross
D:2:      layout_rooms, basic_altar, minmay_fractal_squares_gapless_5
D:3:      layout_loops_ring, good_gods_mini_temple, gup_sewer_entry_bowl,
          hangedman_feature_mirror
D:4:      layout_loops_ring, mainiacjoe_overflow_concentric_impassable,
          uniq_eustachio
D:5:      layout_loops_corners, grunt_decor_one_mirror, saegor_snake_ambush
D:6:      layout_gridville, minmay_misc_feat_roman,
          chequers_serial_rivers_micro_c
D:7:      layout_basic, temple_hall

Skill      XL: |  1  2  3  4  5  6  7  8 |
---------------+-------------------------+-----
Fighting       | 1 2 3 4 5 |  5.3
Fire Magic     | 4 5 6 |  6.8
Armour         | 2 3 4 |  4.0
Shields        | 1 2 3 |  3.6
Dodging        | 3 4 |  4.8
Stealth        | |  2.0
Spellcasting   | |  2.0
Conjurations   | |  1.3

Action                   |  1- 3 |  4- 6 |  7- 9 || total
-------------------------+-------+-------+-------++-------
Melee: Unarmed           |    18 |    34 |       ||    52
       Peck              |     4 |     7 |     8 ||    19
       Kick              |     3 |    14 |     9 ||    26
       Falchion          |       |       |    27 ||    27
 Cast: Foxfire           |    97 |    84 |    29 ||   210
       Scorch            |       |    22 |    47 ||    69
  Use: Scroll            |     6 |     4 |     1 ||    11
       Potion            |       |     1 |     2 ||     3
 Stab: Sleeping          |       |     1 |       ||     1
Armor: Robe              |     5 |     6 |     4 ||    15
Dodge: Dodged            |    18 |    45 |    53 ||   116
Block: Buckler           |       |       |    20 ||    20

Table legend: (Time is in decaauts)
 A = Elapsed time spent in this place.
 B = Non-inter-level travel time spent in this place.
 C = Inter-level travel time spent in this place.
 D = Time resting spent in this place.
 E = Time spent auto-exploring this place.
 F = Levels seen in this place.
 G = Mean time per level.
                   A        B        C        D        E       F      G
               +--------+--------+--------+--------+--------+-----+--------+
         Total |   7185 |   6807 |    378 |    155 |   5805 |   8 |  898.1 |
       Dungeon |   6932 |   6554 |    378 |    155 |   5584 |   7 |  990.3 |
         Sewer |    252 |    252 |      0 |      0 |    221 |   1 |  252.0 |
               +--------+--------+--------+--------+--------+-----+--------+

Top non-repeatable levels by time:
     D:1: 1379 daAuts
     D:4: 1204 daAuts
     D:5: 1154 daAuts
     D:3: 1117 daAuts
     D:6: 983 daAuts
     D:2: 900 daAuts
   Sewer: 252 daAuts
     D:7: 192 daAuts
